[Event "Early-Titled-Tuesday-Blitz-May-14-2024"]
[Site "Chess.com"]
[Date "2024.05.14"]
[Round "5"]
[White "crescentmoon2411"]
[Black "baki83"]
[Result "1-0"]
[WhiteElo "2854"]
[BlackElo "2935"]
[TimeControl "180+1"]
[EndTime "8:59:41 PDT"]
[Termination "crescentmoon2411 won by resignation"]

1. d4 d5 2. Nf3 Nf6 3. Bf4 Bf5 4. e3 e6 5. Bd3 Ne4 6. O-O Bd6 7. Bg3 O-O 8. c4 dxc4 9. Bxc4 Nxg3 10. hxg3 Nd7 11. Nc3 c6 12. Nh4 Nf6 13. Rc1 Bg4 14.
Qb3 Qb6 15. Na4 Qxb3 16. Bxb3 Rfd8 17. Nc5 Bxc5 18. Rxc5 Ne4 19. Rc2 Bh5 20. Rfc1 Rd7 21. Bc4 Rad8 22. b4 a6 23. a4 Nf6 24. b5 cxb5 25.
axb5 a5 26. Bb3 g5 27. Nf3 Bxf3 28. gxf3 Kg7 29. Kg2 Nd5 30. Rc5 b6 31. Rc6 Rd6 32. Kf1 Nb4 33. Rc7 R6d7 34. Ke2 h5 35. f4 gxf4 36.
gxf4 Rxc7 37. Rxc7 Kf6 38. Rc1 h4 39. Rh1 Rh8 40.
Rh3 Nd5 41. Kd2 Kf5 42. Bd1 Nf6 43. f3 Ne8 44. Bc2+ Kf6 45. e4 Nc7 46. Bd3 a4 47.
Kc2 a3 48. Kb3 Rg8 49. Rxh4 Rg3 50. Be2 a2 51. Rh1 Rg2 52. Bc4 Rf2 53. Rd1 Rxf3+ 54.
Kxa2 Rxf4 55. Re1 Ke7 56. Kb3 Kd7 57. Kc3 Rf3+ 58. Kd2 Ra3 59. Rf1 Ke7 60. Rc1 Ra5 61. Rb1 Kd7 62. Bd3 Ne8 63. e5 Nc7 64. Bc4 Ke7 65.
Kc3 Ra3+ 66. Kb4 Re3 67. Ra1 Re4 68. Kc3 Re3+ 69. Kd2 Rh3 70. Ra7 Kd7 71. Rb7 Rh4 72. Kc3 Rh3+ 73. Kb4 Rh4 74. Rxb6 Rxd4 75. Kc5 Re4 76.
Rd6+ Ke7 77. b6 Rxe5+ 78. Kc6 Ne8 79. Rd7+ Kf6 80. b7 1-0

[Event "Early-Titled-Tuesday-Blitz-May-14-2024"]
[Site "Chess.com"]
[Date "2024.05.14"]
[Round "5"]
[White "laysa_latifah"]
[Black "bubeliang"]
[Result "1/2-1/2"]
[WhiteElo "2545"]
[BlackElo "2830"]
[TimeControl "180+1"]
[EndTime "8:59:46 PDT"]
[Termination "Game drawn by repetition"]

1. e4 a5 2. Nf3 Ra6 3. d4 Ra8 4. Bd3 g6 5. O-O Bg7 6. c4 d6 7.
Nc3 Bg4 8. d5 Nd7 9. Bf4 Ne5 10.
Bxe5 Bxe5 11. h3 Bxf3 12. Qxf3 Nf6 13. Qe3 O-O 14. Nd1 Nd7 15. f4 Bg7 16. Rb1 e5 17. f5 g5 18. f6 Bxf6 19. Rf5 h6 20. Nf2 Bg7 21. Ng4 c6 22. Rbf1 Qb6 23. Qxb6 Nxb6 24.
h4 f6 25. Nxf6+ Kh8 26. hxg5 hxg5 27. Ng4 Na4 28. b3 Nc5 29. Bc2 cxd5 30. exd5 e4 31. Rxf8+ Rxf8 32. Rxf8+ Bxf8 33. Kf2 Kg7 34. Ke3 Kf7 35. Bxe4 Bg7 36. Bf5 b6 37. Nf2 Be5 38. Kf3 Bd4 39. Nh3 Kf6 40. Bc2 Na6 41. Kg4 Be3 42.
Kf3 Bc1 43. Nf2 Nc5 44. Kg4 Be3 45. Nd1 Bd4 46. a3 Nd7 47. Kf3 Bc5 48. Ke4 Bxa3 49. Nc3 Bc5 50. Kd3 Ke5 51. Ne4 g4 52. Ng5 Kf4 53.
Ne4 Ne5+ 54. Ke2 g3 55. Nf6 Bf2 56. Ne8 Bc5 57. Nf6 Nf7 58. Nh5+ Kg4 59. Nf6+ Kg5 60. Ne4+ Kf4 61. Nf6 Nh6 62. Nh5+ Kg4 63. Nf6+ Kg5 64.
Ne4+ Kf4 65. Nf6 Nf7 66. Nh5+ Kg4 67. Nf6+ Kg5 68. Nh7+ Kf4 69. Nf6 Bd4 70. Nh5+ Kg4 71. Bg6 Nd8 72. Be8 Be5 73. Kd3 Nb7 74. Kc2 Nc5 75.
Bg6 Kg5 76. Be8 Ne4 77. Kd3 Nc5+ 78. Kc2 Na6 79. Kd3 Nb4+ 80. Kd2 Na6 81. Kd3 Nc5+ 82. Kc2 1/2-1/2

[Event "Early-Titled-Tuesday-Blitz-May-14-2024"]
[Site "Chess.com"]
[Date "2024.05.14"]
[Round "5"]
[White "Anu-triz"]
[Black "Zarinur"]
[Result "0-1"]
[WhiteElo "2308"]
[BlackElo "2559"]
[TimeControl "180+1"]
[EndTime "8:59:46 PDT"]
[Termination "Zarinur won on time"]

1. d4 Nf6 2. Nf3 d5 3. Bf4 c5 4. e3 Nc6 5. Be2 h6 6. O-O Bf5 7. Nbd2 e6 8. a3 Bd6 9. Bxd6 Qxd6 10. dxc5 Qxc5 11. Rc1 O-O 12. Nb3 Qe7 13. Nbd4 Bh7 14. Nxc6 bxc6 15. c4 c5 16. cxd5 exd5 17. Bd3 Bxd3 18.
Qxd3 a5 19. Rfd1 Rfc8 20. Rc2 Rab8 21. Rdc1 Qd6 22. Nd2 a4 23. h3 Qe7 24. Nb1 Ne4 25.
Nc3 Nxc3 26. Qxc3 Rb3 27. Qa5 c4 28. Qxd5 Rcb8 29. Qxc4 Rxb2 30. Qxa4 Rxc2 31. Rxc2 Qf6 32. Qf4 Rb1+ 33. Kh2 Qb6 34. Rc8+ Kh7 35. Qf5+ Qg6 36. Qxg6+ Kxg6 37. Ra8 Ra1 38. a4 Ra2 39. Kg3 h5 40. h4 f6 41. Kf3 Ra3 42. a5 Ra4 43. a6 Rxh4 44. a7 Ra4 45. Ke2 Kg5 46. Kd3 g6 47. Kc3 Ra1 48. Kc4 f5 49. Kd5 Ra5+ 50. Ke6 Ra6+ 51.
Kf7 Kg4 52. Kg8 g5 53. Kh7 h4 54. Kg7 Ra5 55. Kf6 Ra6+ 56. Ke5 Ra5+ 57. Kd6 Ra6+ 58.
Kc7 Ra2 59. Kb7 Rb2+ 60. Kc6 Rc2+ 61. Kd6 Ra2 62. Ke6 Ra6+ 63. Ke5 Ra5+ 64. Kd4 Ra4+ 65. Kd3 h3 66. gxh3+ Kf3 67. Rg8 Ra3+ 68. Kd4 Rxa7 69. Rxg5 Kxf2 70. Rxf5+ Kg3 71. Rh5 Ra4+ 72. Kd3 Ra3+ 73.
Ke4 Kf2 74. Rf5+ Ke2 75. h4 Rxe3+ 0-1

[Event "Early-Titled-Tuesday-Blitz-May-14-2024"]
[Site "Chess.com"]
[Date "2024.05.14"]
[Round "5"]
[White "Quattroporte300"]
[Black "klercaku"]
[Result "1-0"]
[WhiteElo "2397"]
[BlackElo "2252"]
[TimeControl "180+1"]
[EndTime "8:59:49 PDT"]
[Termination "Quattroporte300 won by resignation"]

1. e4 e5 2. Nf3 Nc6 3. Bc4 Bc5 4. c3 Nf6 5. d3 h6 6. O-O O-O 7. Nbd2 d6 8. h3 Bb6 9. Re1 Ne7 10.
Nf1 Ng6 11. Ng3 c6 12. Be3 d5 13. Bb3 Bc7 14. Bc2 Be6 15. Nf5 Bxf5 16. exf5 Ne7 17.
d4 e4 18. Nh4 Qd6 19. g3 Qd7 20. f4 Nxf5 21. Nxf5 Qxf5 22. g4 Qh7 23. Qe2 h5 24. g5 Ne8 25. Rf1 Nd6 26. Rae1 Nf5 27. Qg2 h4 28. Rf2 Qh5 29. Qg4 Qg6 30. Kg2 Kh7 31.
Bc1 Rh8 32. Rxe4 dxe4 33. Bxe4 Kg8 34. Bxf5 Qh5 35. Re2 Qxg4+ 36. Bxg4 Kf8 37. b3 Bd6 38. c4 Re8 39. Rxe8+ Kxe8 40. c5 Be7 41. Kf3 Kd8 42. Be3 Kc7 43. Bf5 g6 44. Be4 Rd8 45. Bf2 Bf8 46.
Ke3 Bg7 47. Kd3 b6 48. cxb6+ axb6 49. a4 c5 50. d5 Bf8 51. Bxh4 Bd6 52. Bg3 Rf8 53.
h4 f6 54. Bxg6 fxg5 55. hxg5 Bxf4 56. Bxf4+ Rxf4 57. Be4 Rg4 58. g6 Rg3+ 59. Kc4 Kd6 60. Bc2 Rg4+ 61. Kb5 Rb4+ 62. Ka6 Kc7 63. g7 Rg4 64.
d6+ Kxd6 65. Kxb6 Rxg7 66. a5 Rg8 67. a6 Rb8+ 68. Ka5 Kc7 69. a7 Ra8 70. Ka6 Rg8 71. Be4 Rf8 72. a8=Q Rxa8+ 73. Bxa8 Kd6 74. Be4 Ke5 75. Bd3 Kd4 76. Bc4 Kc3 77. Kb5 Kd4 78.
Kc6 Ke5 79. Kxc5 Kf6 80. b4 Ke7 81. b5 Kd8 82. b6 Kc8 83. Kc6 Kb8 84. Bd5 Kc8 85.
Be6+ Kb8 86. b7 Ka7 87. Kc7 Ka6 88. b8=Q Ka5 89. Qb6+ Ka4 90. Bd7+ 1-0

[Event "Early-Titled-Tuesday-Blitz-May-14-2024"]
[Site "Chess.com"]
[Date "2024.05.14"]
[Round "5"]
[White "Mops_2004"]
[Black "frederiksvane"]
[Result "0-1"]
[WhiteElo "2827"]
[BlackElo "2984"]
[TimeControl "180+1"]
[EndTime "8:59:58 PDT"]
[Termination "frederiksvane won by resignation"]

1. g3 d5 2. Nf3 Bg4 3. Bg2 Nd7 4.
h3 Bxf3 5. Bxf3 e6 6. O-O c6 7. d3 Bc5 8. d4 Be7 9. e4 dxe4 10. Bxe4 Bg5 11. Nd2 Ngf6 12. Bg2 Nd5 13. c4 N5b6 14. c5 Nd5 15. Nc4 Be7 16. Qg4 O-O 17. Bh6 Bf6 18.
Nd6 b6 19. cxb6 N7xb6 20. Nb7 Qc7 21. Nc5 Kh8 22. Bg5 Bxg5 23. Qxg5 Nd7 24. Rac1 N7f6 25.
a3 Qb6 26. Rc2 h6 27. Qd2 Rfd8 28. Rfc1 Ne7 29. Rc4 a5 30. Na4 Qb5 31. Qc2 Rab8 32. b4 axb4 33. Rxb4 Qa5 34. Rxb8 Rxb8 35. Nb2 Qxa3 36.
Nc4 Qa7 37. Ne5 Kg8 38. Rd1 Rd8 39. Nxc6 Nxc6 40. Qxc6 Rxd4 41. Qc8+ Kh7 42. Qc2+ g6 43. Rxd4 Qxd4 44. Qc7 Kg7 45. Qc2 h5 46. h4 Ng4 47.
Bf3 Ne5 48. Kg2 Nd3 49. Qe2 e5 50. Kg1 Qa1+ 51. Kh2 Qc3 52. Bg2 Nc5 53. Kg1 Qd4 54.
Bf1 e4 55. Kg2 Nd3 56. Qe3 Qxe3 57. fxe3 Ne5 58. Kf2 Ng4+ 59. Ke2 Kf6 60. Kd2 Ke5 61. Bc4 f5 62. Bf7 Kf6 63. Be8 Ne5 64. Ke2 Ke7 65. Bb5 Nf7 66. Bc4 Nd6 67. Bd5 Kf6 68. Bb3 Nc8 69. Bc4 Ne7 70. Bb3 Nc6 71. Bd5 Ne5 72. Bb3 g5 73. hxg5+ Kxg5 74. Be6 Nd3 75.
Bd7 Nc5 76. Bc8 Kg4 77. Kf2 Nd3+ 78. Ke2 Ne5 79. Be6 Ng6 80. Bf7 Ne7 81. Kf2 Kg5 82.
Ke2 Nc8 83. Be6 Nd6 84. Bd5 Kg4 85. Kf2 Nb5 86. Be6 Nc3 87. Bd7 Nd1+ 88. Ke2 Nb2 89.
Be6 Nd3 90. Bc4 Kxg3 0-1

[Event "Early-Titled-Tuesday-Blitz-May-14-2024"]
[Site "Chess.com"]
[Date "2024.05.14"]
[Round "5"]
[White "MikeWizard"]
[Black "chesslh93"]
[Result "0-1"]
[WhiteElo "2014"]
[BlackElo "2340"]
[TimeControl "180+1"]
[EndTime "9:00:04 PDT"]
[Termination "chesslh93 won by resignation"]

1. d4 d5 2. c4 e6 3. Nc3 Nf6 4. cxd5 exd5 5. Bg5 c6 6. Qc2 Be7 7. e3 Nbd7 8. Bd3 O-O 9. h3 Re8 10. Nf3 Nf8 11. Ne5 Ng6 12. Nxg6 hxg6 13. O-O Be6 14. a3 a5 15. Na4 Nd7 16. Bxe7 Qxe7 17. Nc5 Nxc5 18. dxc5 Qg5 19. Kh2 Bf5 20. Bxf5 Qxf5 21. Qxf5 gxf5 22. Rfd1 Re4 23. Rd4 Rxd4 24. exd4 Re8 25.
b4 a4 26. Rb1 Re4 27. b5 Rxd4 28.
bxc6 bxc6 29. Rb6 Rd3 30. Rxc6 Rxa3 31. Rd6 Rd3 32. c6 Rc3 33. Rxd5 Rxc6 34. Ra5 Rc4 35. Rxf5 a3 36. Ra5 Rc3 37. Ra7 g6 38. g3 Kg7 39.
h4 Kf6 40. Ra5 Ke6 41. Kg2 Kd6 42. Ra7 Ke6 43. Ra6+ Ke7 44. g4 Kf8 45. f3 Rc2+ 46. Kg3 a2 47. Kf4 Kg7 48. Ra7 Rb2 49. Ra6 f6 50.
Kg3 Kf7 51. h5 gxh5 52. gxh5 Kg7 53. Kf4 Rc2 54. Kf5 Rc5+ 55. Kg4 Rc2 56. Kf5 Rf2 57.
f4 Kh7 58. Kg4 Kg8 59. Ra7 Rh2 60. Kg3 Rb2 61. Kg4 Kh8 62. Kf5 Kg8 63. Kg6 Rg2+ 64. Kxf6 Rh2 65. Kg5 Rg2+ 66. Kf5 Rh2 67. Kg4 Rg2+ 68.
Kf5 Rh2 69. Kg6 Rg2+ 70. Kf6 Rb2 71. h6 Rb6+ 72. Kg5 Rb5+ 73. f5 Rb2 74. f6 Rg2+ 75. Kf5 Rf2+ 76. Ke5 Re2+ 77. Kf5 Rf2+ 78. Ke6 Re2+ 79.
Kd5 Rd2+ 80. Ke4 Re2+ 81. Kf3 Rb2 82. f7+ Kf8 83. Kg4 Rh2 84. Kg5 Rg2+ 85. Kf6 Rf2+ 86.
Kg6 Rg2+ 87. Kh7 Rg1 88. Ra6 a1=Q 89. Rxa1 Rxa1 90. Kg6 Rg1+ 91. Kf6 Rf1+ 92. Kg6 Rg1+ 93. Kf6 Rf1+ 94. Kg6 Rh1 95. h7 Rh2 96. Kf6 Rxh7 97. Kg6 Rxf7 98. Kg5 Ke7 99. Kg6 Rf1 100. Kg5 Ke6 101. Kg4 Ke5 102. Kg3 Ke4 103. Kg2 Rf8 104. Kg3 Rf7 105.
Kg4 Rg7+ 106. Kh5 Kf4 0-1

[Event "Early-Titled-Tuesday-Blitz-May-14-2024"]
[Site "Chess.com"]
[Date "2024.05.14"]
[Round "5"]
[White "Jesseinkman"]
[Black "GeorgiosSouleidis"]
[Result "0-1"]
[WhiteElo "2518"]
[BlackElo "2679"]
[TimeControl "180+1"]
[EndTime "9:00:14 PDT"]
[Termination "GeorgiosSouleidis won by resignation"]

1. e4 c5 2. Nf3 e6 3. d4 cxd4 4.
Nxd4 Nf6 5. Nc3 Nc6 6. Ndb5 Bc5 7. Bf4 O-O 8. Bd6 Qb6 9. Bxc5 Qxc5 10. Qd6 Qb6 11. O-O-O Qxf2 12. Bd3 Ne8 13. Qa3 a6 14. Kb1 Rb8 15. Nd6 Nxd6 16. Qxd6 Qd4 17. Qg3 Qe5 18. Qf2 b5 19. h4 Bb7 20. h5 h6 21. g4 f6 22. Ne2 Nb4 23. Nf4 Nxd3 24. cxd3 Rfc8 25.
Rc1 Qd6 26. Qe3 a5 27. Ng6 a4 28. Rhf1 a3 29. e5 Rxc1+ 30. Rxc1 fxe5 31. Qxe5 Qxe5 32. Nxe5 axb2 33. Kxb2 d6 34. Ng6 Bd5 35. Rc7 Ra8 36.
a3 Rb8 37. Ne7+ Kh7 38. Nxd5 exd5 39. Rd7 Rf8 40. Rxd6 Rf4 41. Rg6 d4 42. Kb3 Rf3 43.
Kb4 Rxd3 44. Kxb5 Rxa3 45. Kc4 d3 46. Kb4 d2 47. Rd6 Rg3 48. Rxd2 Rxg4+ 49. Kc3 Rg5 50. Rh2 Kg8 51. Kd4 Kf7 52. Ke4 Kf6 53. Kf4 Ke6 54. Re2+ Kf7 55. Rh2 Kf6 56. Rh1 Ra5 57. Kg4 Ra4+ 58.
Kf3 Kf5 59. Rg1 Rf4+ 60. Ke3 Rg4 61. Rh1 Kg5 62. Kf3 Rf4+ 63. Ke3 Rg4 64. Kf3 Rf4+ 65.
Ke3 Rf7 66. Rh2 Kg4 67. Rh1 Kg3 68. Ke4 Kg4 69. Rh2 Ra7 70. Ke5 Re7+ 71. Kd4 Kf5 72. Rg2 Kf4 73. Rg6 Rd7+ 74. Kc5 Kf5 75. Kc4 Rd1 76. Kc3 Rh1 77. Rxg7 Rxh5 78. Kd3 Kf6 79.
Rg8 Re5 80. Kd4 Re7 81. Kd3 Kf5 82. Kd2 h5 83. Kd3 Kf4 84. Kd4 h4 85. Rh8 Rd7+ 86.
Kc3 Kg3 87. Rg8+ Kh2 88. Kc4 h3 89. Rg5 Kh1 90. Kc5 h2 91. Kc6 Rd2 92. Rg8 Rg2 93.
Ra8 Kg1 94. Ra1+ Kf2 95. Ra2+ Kg3 96. Ra3+ Kg4 97. Ra4+ Kg5 98. Ra5+ Kg6 99. Ra1 Rg1 0-1

[Event "Early-Titled-Tuesday-Blitz-May-14-2024"]
[Site "Chess.com"]
[Date "2024.05.14"]
[Round "5"]
[White "Yan_Dyomin2010"]
[Black "praveenb2002"]
[Result "1/2-1/2"]
[WhiteElo "2683"]
[BlackElo "2861"]
[TimeControl "180+1"]
[EndTime "9:00:26 PDT"]
[Termination "Game drawn by stalemate"]

1. e4 c6 2. d4 d5 3. e5 Bf5 4.
h4 h5 5. Bd3 Bxd3 6. Qxd3 e6 7.
Nd2 c5 8. Ngf3 Nc6 9. dxc5 Bxc5 10. Nb3 Bb6 11. O-O Nge7 12. Bg5 Qc7 13. Bxe7 Nxe7 14. Rfe1 O-O 15. Nbd4 Rfc8 16. c3 Qc4 17. Qd2 Nc6 18. b3 Qc5 19. Qg5 Qxc3 20. Nb5 Qc2 21. Rf1 Qg6 22.
Qxg6 fxg6 23. Nd6 Rc7 24. Rfe1 Bc5 25. Rac1 b6 26. Ng5 Nd4 27. Rcd1 Rd7 28. b4 Bxb4 29.
Rxd4 Bxe1 30. Nxe6 Bc3 31. Rxd5 Bxe5 32. Rxe5 Rxd6 33. Nf4 Rf8 34. Nh3 Rf5 35. Re8+ Rf8 36. Re7 a5 37. Rb7 Rfd8 38. g3 R8d7 39. Rb8+ Kf7 40.
Ng5+ Ke7 41. Kg2 Rd2 42. Rxb6 Rxa2 43. Rxg6 Kf8 44. Ra6 a4 45. Ne6+ Ke7 46. Ng5 Rdd2 47. Ne4 Re2 48. Kf3 a3 49. Nc3 Rxf2+ 50. Ke3 Rac2 51.
Rxa3 Rg2 52. Ne4 Rce2+ 53. Kf3 Ra2 54. Rc3 Rgc2 55. Rb3 Kf7 56. Rb7+ Kg6 57. Rb6+ Kf5 58. Rb5+ Ke6 59. Rxh5 Ra3+ 60. Kf4 Rc4 61. Re5+ Kf7 62. Kf5 Rf3+ 63. Kg4 Re3 64. Kf4 Re1 65. Kf3 Rf1+ 66. Kg2 Rcc1 67. Ng5+ Kf6 68. Re2 Rfd1 69. Rf2+ Ke7 70.
Kh3 g6 71. Rf7+ Ke8 72. Rf6 Rh1+ 73. Kg4 Rc4+ 74. Rf4 Rxf4+ 75. Kxf4 Kf8 76. Nf3 Kg7 77. Kg4 Ra1 78. Kg5 Ra5+ 79. Kg4 Kf6 80. Nd2 Ra4+ 81. Kf3 Kf5 82. Nf1 Ra3+ 83. Kg2 Ke4 84. Nh2 Ra2+ 85.
Kh3 Ke3 86. Ng4+ Ke4 87. Nf6+ Kf5 88. Nd7 Rd2 89. Nc5 Rd5 90. Nb3 Rd3 91. Nc1 Re3 92.
Na2 Ke4 93. Nb4 Rb3 94. Nc6 Rc3 95. Ne7 g5 96. hxg5 Ke5 97. Kg4 Ke6 98. Ng6 Rc4+ 99. Nf4+ Kf7 100. Kh5 Rc5 101. Kh6 Kg8 102. g6 Rc6 103.
Nh5 Re6 104. g4 Ra6 105. g5 Kh8 106. Nf6 Ra7 107. Nh5 Rh7+ 108. gxh7 1/2-1/2

[Event "Early-Titled-Tuesday-Blitz-May-14-2024"]
[Site "Chess.com"]
[Date "2024.05.14"]
[Round "5"]
[White "The_Machine04"]
[Black "Szparu"]
[Result "1/2-1/2"]
[WhiteElo "2675"]
[BlackElo "2855"]
[TimeControl "180+1"]
[EndTime "9:01:05 PDT"]
[Termination "Game drawn by repetition"]

1. d4 d5 2. Nf3 Nf6 3. e3 c5 4. c3 Qc7 5. Nbd2 g6 6. dxc5 Qxc5 7. Bd3 Bg7 8. O-O O-O 9. e4 Nc6 10. Qe2 Qb6 11. Re1 Qc7 12. h3 e5 13. exd5 Nxd5 14. Ne4 h6 15. Bc4 Nb6 16. Bb3 Kh7 17.
h4 Bf5 18. Ng3 e4 19. Nd2 e3 20. Qxe3 Rae8 21. Qxe8 Rxe8 22. Rxe8 Bd3 23. Nf3 Ne5 24. Nxe5 Bxe5 25. Be3 Nc8 26. Rd1 Bb5 27. Rf8 Nd6 28. Ne4 Nc4 29. Bxc4 Bxc4 30. Rdd8 Bg7 31. Rfe8 Bb5 32.
Rf8 Bxf8 33. Nf6+ Kh8 34. Rxf8+ Kg7 35. Ne8+ Bxe8 36. Rxe8 Qd7 37. Bd4+ f6 38. Ra8 a6 39. Rb8 g5 40. hxg5 hxg5 41. g3 Kg6 42. Rf8 Qd5 43. Rxf6+ Kh5 44. Kf1 Qh1+ 45. Ke2 Qe4+ 46. Kd2 Qg2 47.
a4 Kg4 48. a5 Qd5 49. b4 Kh3 50. Ke3 Kg2 51. Kd3 Kf1 52. Ke3 Ke1 53. f4 g4 54. Kd3 Kd1 55. f5 Qf3+ 56. Kc4 Qxg3 57. Rg6 Qf3 58. f6 g3 59. Rg7 g2 60. f7 Kc2 61. b5 Qd3+ 62. Kc5 Qxb5+ 63. Kd6 Qc6+ 64. Ke7 Qe4+ 65. Kd8 Qd5+ 66. Ke8 Qe6+ 67. Kd8 g1=Q 68. Rxg1 Qxf7 69. Bb6 Kb3 70. Kc8 Kc4 71. Kb8 Kxc3 72. Ka7 Kb4 73. Rb1+ Ka3 74. Rc1 Kb2 75. Rc7 Qd5 76. Rxb7 Ka3 77. Rc7 Qd3 78. Rc5 Ka4 79.
Rc7 Qe2 80. Rc5 Qf1 81. Rc7 Qb5 82. Kb7 Qd3 83. Rc5 Qe2 84. Ka7 Kb4 85. Rc7 Qd3 86.
Rb7 Ka4 87. Re7 Qc4 88. Rc7 Qd3 89. Kb8 Qe2 90. Kb7 Qf1 91. Rd7 Qe2 92. Rd4+ Kb5 93. Rd5+ Ka4 94. Rc5 Qd3 95. Ba7 Kb4 96. Bb6 Ka4 97.
Ka7 Kb4 98. Rc7 Ka4 99. Re7 Kb4 100. Rg7 Ka4 101. Rg4+ Kb3 102. Rd4 Qb5 103. Rd6 Qf1 104. Rc6 Ka4 105. Bc7 Kb4 106. Rxa6 Qf7 107. Rc6 Kb5 108. Rb6+ Kxa5 109.
Rb7+ Ka4 110. Bb6 Qd5 111. Rc7 Qe4 112. Rc5 Qe8 113. Kb7 Kb4 114. Ka7 Qd7+ 115. Rc7 Qd5 116. Rc5 Qd7+ 117. Rc7 Qa4+ 118. Kb7 Qd1 119. Rc5 Qd7+ 120. Rc7 Qh3 121. Rc5 Qf3+ 122. Ka7 Ka4 123. Rc7 Kb4 124. Rc5 Ka4 125. Rc7 Kb4 126. Rc5 1/2-1/2

[Event "Early-Titled-Tuesday-Blitz-May-14-2024"]
[Site "Chess.com"]
[Date "2024.05.14"]
[Round "5"]
[White "ArtemDyachuk"]
[Black "1stSecond"]
[Result "1/2-1/2"]
[WhiteElo "2710"]
[BlackElo "2890"]
[TimeControl "180+1"]
[EndTime "9:01:06 PDT"]
[Termination "Game drawn - insufficient material"]

1. e4 c6 2. d4 d5 3. e5 Bf5 4.
Nf3 e6 5. Be2 Nd7 6. O-O a5 7.
c3 a4 8. Nbd2 f6 9. Re1 fxe5 10.
dxe5 Bc5 11. Nf1 Ne7 12. Ng3 O-O 13. Nd4 Qe8 14. Be3 Bb6 15. Ndxf5 Nxf5 16. Nxf5 Rxf5 17. Bxb6 Nxb6 18. Qd4 Nd7 19. Bd3 Rf7 20. b4 Qe7 21. a3 Raf8 22. Ra2 c5 23. Qg4 Rf4 24. Qg3 c4 25. Bb1 Qf7 26. f3 Qh5 27. Rae2 b5 28.
Qf2 Qg5 29. Kh1 h5 30. Qa7 R4f7 31. Qa6 Qh6 32. Qxb5 h4 33. h3 Qf4 34. Bg6 Re7 35.
Qxa4 Qg5 36. Qc2 Nb6 37. Bh7+ Kh8 38. Qg6 Qxg6 39. Bxg6 Ra7 40. Ra2 Rfa8 41. Rea1 Na4 42. Rc2 Nb6 43. Rca2 Nd7 44. f4 Rf8 45. a4 Rxf4 46.
b5 Nxe5 47. Bh5 Ra5 48. b6 g6 49.
b7 Rf8 50. Rb2 Rb8 51. Be2 Kg7 52. Rb6 Kf6 53. Rf1+ Ke7 54. Rf4 Nd7 55. Rb2 Nc5 56. Rxh4 Rxa4 57. Rh7+ Kd6 58. Bg4 Ra6 59. Rg7 Nd3 60. Re2 Nf4 61. Rf2 Ke5 62. Rf7 g5 63.
Rd2 Ra1+ 64. Kh2 Re1 65. g3 Nd3 66. Re2+ Rxe2+ 67. Bxe2 Nc5 68. Bg4 Rxb7 69. Rxb7 Nxb7 70. h4 gxh4 71. gxh4 Nd6 72. h5 Nf7 73. Kg3 Kf6 74.
Bf3 Nh6 75. Kf4 e5+ 76. Ke3 Ke6 77. Bg2 Kd6 78. Kf3 Kc5 79. Ke3 d4+ 80. cxd4+ exd4+ 81. Kd2 Kb4 82. Be4 Ng4 83. Bf5 Nh6 84. Be4 Kc5 85. Kc2 Kd6 86. Kd2 Nf7 87. Bh7 Nh6 88. Bg6 Kc5 89. Kc2 Ng4 90. Kd2 c3+ 91. Kc2 Kd6 92.
Kd3 Ne5+ 93. Kxd4 Nxg6 94. hxg6 c2 95. g7 c1=Q 96. g8=Q Qd2+ 97. Ke4 Qe2+ 98. Kd4 Qb2+ 99. Ke4 Qb1+ 100. Kf4 Qc1+ 101. Kf3 Qf1+ 102. Ke3 Qe1+ 103. Kf3 Qc3+ 104. Ke4 Qe5+ 105. Kd3 Qb5+ 106. Ke3 Qb6+ 107. Kf3 Qb7+ 108. Kg3 Qc7 109. Kh3 Qd7+ 110. Qg4 Qe6 111. Qxe6+ Kxe6 1/2-1/2

[Event "Early-Titled-Tuesday-Blitz-May-14-2024"]
[Site "Chess.com"]
[Date "2024.05.14"]
[Round "6"]
[White "Hasangatin_Ramil"]
[Black "Lion-Al-Messi"]
[Result "0-1"]
[WhiteElo "2671"]
[BlackElo "2577"]
[TimeControl "180+1"]
[EndTime "9:01:59 PDT"]
[Termination "Lion-Al-Messi won by resignation"]

1. e4 e6 2. d3 d5 3. Qe2 dxe4 4. dxe4 e5 5. Nf3 Nc6 6. c3 Nf6 7. Qc2 Bd6 8. Bb5 Bd7 9. O-O a6 10. a4 axb5 0-1

[Event "Early-Titled-Tuesday-Blitz-May-14-2024"]
[Site "Chess.com"]
[Date "2024.05.14"]
[Round "6"]
[White "SoCalJuniorChess"]
[Black "Denisenko_Denis"]
[Result "1-0"]
[WhiteElo "2232"]
[BlackElo "2427"]
[TimeControl "180+1"]
[EndTime "9:03:31 PDT"]
[Termination "SoCalJuniorChess won by resignation"]

1. d4 d5 2. Nc3 c6 3. Bf4 Nf6 4.
e3 Bf5 5. f3 e6 6. g4 Bg6 7. h4 h5 8. g5 Nfd7 9. Bd3 Bxd3 10. Qxd3 g6 11. Nge2 a6 12. Bh2 c5 13.
Nf4 Bg7 14. Nxe6 fxe6 15. Qxg6+ Kf8 16. Bd6+ Kg8 17. Qxe6+ Kh7 18. g6+ 1-0

[Event "Early-Titled-Tuesday-Blitz-May-14-2024"]
[Site "Chess.com"]
[Date "2024.05.14"]
[Round "6"]
[White "VirtualCoach"]
[Black "David_George21"]
[Result "0-1"]
[WhiteElo "2181"]
[BlackElo "2360"]
[TimeControl "180+1"]
[EndTime "9:03:48 PDT"]
[Termination "David_George21 won by resignation"]

1. e4 c5 2. Nc3 Nc6 3. Nf3 d6 4. g3 Nf6 5. Bg2 g6 6. O-O Bg7 7. Re1 O-O 8. d3 Bd7 9. Nh4 Qc8 10. f4 Bh3 11. f5 Bxg2 12. Kxg2 Nd4 13. fxg6 fxg6 14. Be3 Ng4 15. Bxd4 Bxd4 16. Qf3 Rxf3 0-1

[Event "Early-Titled-Tuesday-Blitz-May-14-2024"]
[Site "Chess.com"]
[Date "2024.05.14"]
[Round "6"]
[White "ZachHKL"]
[Black "Savagelittlemole"]
[Result "0-1"]
[WhiteElo "2313"]
[BlackElo "2478"]
[TimeControl "180+1"]
[EndTime "9:03:54 PDT"]
[Termination "Savagelittlemole won by resignation"]

1. e4 c5 2. Nf3 d6 3. d4 cxd4 4. Nxd4 Nf6 5. Nc3 a6 6. Bg5 Nbd7 7. Qe2 h6 8. Bh4 e5 9. Nb3 b5 10. O-O-O Bb7 11. f3 Qc7 12. Kb1 Be7 13. Bxf6 Nxf6 14. Nd5 Bxd5 15. exd5 O-O 16. Qd3 a5 17. Nd2 a4 18.
Ne4 b4 19. g4 b3 20. cxb3 axb3 21. a3 Rfc8 22. Be2 Qc2+ 23. Ka1 Rxa3+ 0-1

[Event "Early-Titled-Tuesday-Blitz-May-14-2024"]
[Site "Chess.com"]
[Date "2024.05.14"]
[Round "6"]
[White "SargissyanSargis"]
[Black "Szachulec75"]
[Result "1-0"]
[WhiteElo "2434"]
[BlackElo "2138"]
[TimeControl "180+1"]
[EndTime "9:03:57 PDT"]
[Termination "SargissyanSargis won by checkmate"]

1. e4 d6 2. d4 Nf6 3. Nc3 c6 4. f4 Qb6 5. Nf3 Bg4 6. e5 Nd5 7. Nxd5 cxd5 8. c3 e6 9. h3 Bf5 10. Bd3 Be4 11. O-O Nc6 12. Ng5 Bxd3 13. Qxd3 h6 14. Nxf7 Kxf7 15. f5 dxe5 16. fxe6+ Kg8 17. Qg6 Ne7 18. Qf7+ Kh7 19. Rf6 Ng8 20. Qg6# 1-0

[Event "Early-Titled-Tuesday-Blitz-May-14-2024"]
[Site "Chess.com"]
[Date "2024.05.14"]
[Round "6"]
[White "Szparu"]
[Black "Arhan_Anand"]
[Result "1-0"]
[WhiteElo "2859"]
[BlackElo "2637"]
[TimeControl "180+1"]
[EndTime "9:04:32 PDT"]
[Termination "Szparu won by resignation"]

1. e4 c5 2. c3 d5 3. exd5 Nf6 4. d4 cxd4 5. Nf3 Nxd5 6. Nxd4 e6 7. g3 Be7 8. Bg2 O-O 9. O-O Nb6 10. Qe2 N8d7 11.
Rd1 a6 12. Nd2 Qc7 13. N2f3 e5 14. Nf5 Bf6 15. Nd6 h6 16. Be3 Nc5 17. Nd2 Be6 18. Bxc5 Qxc5 19. N2e4 Qc7 20. Nxf6+ gxf6 21. Qh5 Kg7 22.
Be4 Nc4 23. Nf5+ Bxf5 24. Qxf5 Rh8 25. Rd7 1-0

[Event "Early-Titled-Tuesday-Blitz-May-14-2024"]
[Site "Chess.com"]
[Date "2024.05.14"]
[Round "6"]
[White "Sosat98"]
[Black "kuchma777"]
[Result "1-0"]
[WhiteElo "2765"]
[BlackElo "2534"]
[TimeControl "180+1"]
[EndTime "9:04:34 PDT"]
[Termination "Sosat98 won by resignation"]

1. e4 c6 2. Nf3 d5 3. Nc3 dxe4 4.
Nxe4 Nf6 5. Qe2 Nxe4 6. Qxe4 Nd7 7. Bc4 Nf6 8. Ne5 e6 9. Qe2 b5 10. Bb3 Qc7 11. a4 b4 12. d4 a5 13. O-O Bd6 14.
Bf4 Ba6 15. Bc4 Bb7 16. Nxf7 Bxf4 17. Qxe6+ Qe7 18. Qf5 Bd2 19. Nxh8 Bc8 20. Qd3 Ne4 21. f3 1-0

[Event "Early-Titled-Tuesday-Blitz-May-14-2024"]
[Site "Chess.com"]
[Date "2024.05.14"]
[Round "6"]
[White "Kimkibo"]
[Black "Flawless_Fighter"]
[Result "0-1"]
[WhiteElo "2419"]
[BlackElo "2683"]
[TimeControl "180+1"]
[EndTime "9:04:55 PDT"]
[Termination "Flawless_Fighter won by resignation"]

1. d4 Nf6 2. Nf3 d5 3. Bf4 c5 4. e3 Nc6 5. Nbd2 e6 6. c3 Bd6 7. Bg3 O-O 8. Bd3 b6 9. Ne5 Bb7 10. f4 Ne7 11. Bh4 Nf5 12. Bf2 Be7 13. g4 Nd6 14. g5 Nfe4 15. Nxe4 Nxe4 16. Bxe4 dxe4 17. O-O f6 18. gxf6 gxf6 19. Ng4 Kh8 20. Kh1 Qe8 21. Rg1 Qh5 22. Rg3 Rg8 23. Ne5 Qxd1+ 24. Rxd1 fxe5 0-1

[Event "Early-Titled-Tuesday-Blitz-May-14-2024"]
[Site "Chess.com"]
[Date "2024.05.14"]
[Round "6"]
[White "Evan_Attaker"]
[Black "malakismayil"]
[Result "1-0"]
[WhiteElo "2647"]
[BlackElo "2525"]
[TimeControl "180+1"]
[EndTime "9:04:56 PDT"]
[Termination "Evan_Attaker won by resignation"]

1. Nf3 Nf6 2. c4 e6 3. g3 d5 4. Bg2 Be7 5. O-O O-O 6. d4 dxc4 7. Na3 Bxa3 8. bxa3 h6 9. a4 Nc6 10. Ba3 Re8 11. Rc1 Bd7 12. Rxc4 Na5 13. Rc5 b6 14. Rc1 Bc6 15. Bb4 Bd5 16. Bxa5 bxa5 17. Ne5 Bxg2 18. Kxg2 Qd5+ 19. Kg1 Qxa2 20. Qc2 Qb1 21. Rxb1 1-0